 Dungeon Sprint DCSS version 0.27-a0-773-gaaee5cf45b (webtiles) character file.

Game seed: 2762578972156109505

8800000 sahdkjhfkaj the Axe Maniac (level 27, -48/175 (228) HPs)
             Began as a Djinni Warper on Mar 26, 2021.
             Was the Champion of Makhleb.
             Killed from afar by a wretched soul (50 damage)
             ... with a bolt of negative energy
             ... in the Dungeon (Sprint VIII: "Arena of Blood").
             The game lasted 00:01:02 (88 turns).

sahdkjhfkaj the Axe Maniac (Djinni Warper)            Turns: 88, Time: 00:01:03

HP:   -48/175 (228) AC:  6    Str: 10    XL:     27
Gold: 0             EV: 26    Int: 26    God:    Makhleb [******] SH:  0 Dex: 15

rFire    + + .     SeeInvis .   c - +∞ Axe of Woe
rCold    x . .     Faith    .   (shield currently unavailable)
rNeg     . . .     Spirit   .   b - +0 leather armour
rPois    ∞         Reflect  .   (no helmet)
rElec    .         Harm     .   (no cloak)
rCorr    .         Rampage  .   (no gloves)
Will     ++...     NoTele   +   (boots unavailable)
Stlth    +++++++++.             (no amulet)
HPRegen  0.39/turn              (no ring)
MPRegen  0.00/turn              (no ring)

@: flying, hasted and slowed, heavily drained
A: fire resistance 2, cold vulnerability 1, float, innate caster, hp casting,
extra vitality 1
a: Renounce Religion, Minor Destruction, Lesser Servant of Makhleb, Major
Destruction, Greater Servant of Makhleb


You were in the Dungeon.
You worshipped Makhleb.
Makhleb was exalted by your worship.
You visited 1 branch

Inventory:

Hand Weapons
 a - a +0 hand axe
 c - the +∞ Axe of Woe (weapon)
   (You found it in the Dungeon)
Missiles
 e - 5 boomerangs of dispersal (quivered)
Armour
 b - a +0 leather armour (worn)
Scrolls
 d - a scroll of blinking
Potions
 f - a potion of curing
 g - a potion of heal wounds
 i - a potion of berserk rage


   Skills:
 O Level 27 Fighting
 O Level 27 Short Blades
 O Level 27 Long Blades
 O Level 27 Axes
 O Level 27 Maces & Flails
 O Level 27 Polearms
 O Level 27 Staves
 O Level 27 Slings
 O Level 27 Bows
 O Level 27 Crossbows
 O Level 27 Throwing
 O Level 27 Armour
 O Level 27 Dodging
 O Level 27 Stealth
 O Level 27 Shields
 O Level 27 Unarmed Combat
 O Level 27 Spellcasting
 O Level 27 Invocations
 O Level 27 Evocations


You couldn't memorise any spells.
You knew the following spells:

 Your Spells              Type           Power      Damage    Failure   Level
a - Blink                 Tloc           N/A        N/A       0%          2
b - Lesser Beckoning      Tloc           54%        N/A       0%          3
c - Gell's Gravitas       Tloc           54%        N/A       0%          3
d - Teleport Other        Tloc           100%       N/A       0%          3
e - Manifold Assault      Tloc           100%       N/A       0%          5
f - Freeze                Ice            100%       1d11      0%          1
g - Wereblood             Tmut           100%       N/A       0%          2
h - Call Imp              Summ           100%       N/A       0%          2
i - Fulminant Prism       Conj/Hex       54%        3d23      0%          4
j - Olgreb's Toxic Radia  Pois           100%       N/A       0%          4
k - Borgnjor's Vile Clut  Necr/Erth      54%        N/A       0%          5
l - Statue Form           Tmut/Erth      72%        N/A       0%          6
m - Hydra Form            Tmut           54%        N/A       0%          6
n - Monstrous Menagerie   Summ           54%        N/A       0%          7
o - Dragon Form           Tmut           54%        N/A       0%          7
p - Discord               Hex            54%        N/A       1%          8
q - Fire Storm            Conj/Fire      54%        8d14      1%          9
r - Dragon's Call         Summ           54%        N/A       1%          9
Your spell library was empty.

Dungeon Overview and Level Annotations

Branches:
Dungeon (1/1)

Altars:
Makhleb


Innate Abilities, Weirdness & Mutations

You are immune to poison.
Your flesh is very heat resistant. (rF++)
You are vulnerable to cold. (rC-)
You float through the air rather than walking.
You learn spells naturally, not from books.
Your magical power is your life essence.
You have superior vitality. (+4 HP)


Message History

A tyrant comes into view.
You hear a shout!
A bolt of negative energy appears from out of thin air!
The bolt of negative energy hits you!!!!
You feel drained.
* * * LOW HITPOINT WARNING * * *
You hear two shouts!
Casting: Manifold Assault (safe; 0% risk of failure)
Confirm with . or Enter, or press ? or * to list all spells.
You don't have enough health to cast this spell.
Okay, then.
Blink to where?
Press: ? - help, Dir - move target
As you read the scroll of blinking, it crumbles to dust. 6 orcs, an ogre and 4 two-headed ogres come into view.
The meat berserker shouts!
The bag of meat shouts! x2
The large bag of meat shouts in stereo! x2; You hear a shout! x3
A meat beast comes into view.
You hear a shout!
A bag of meat comes into view. It is wielding a +9 war axe.
An eight-headed meat hydra comes into view. 2 orcs, an ogre and a royal mummy come into view.
The meat berserker shouts!
The bag of meat shouts!
The meat berserker rages.
You hear a shout! x2
A tyrant comes into view.
You hear a shout!
A bag of meat comes into view. It is wielding a +9 war axe.
A tyrant comes into view.
A sculptor of flesh comes into view. It is wielding a +9 great sword.
You hear a shout!
The accursed moves out of view.
The bag of meat shouts!
Things that are here:
a +9 war axe; a +30 ring of slaying; a bag of meat corpse Unknown command.
You hear a shout! x12
A bolt of negative energy appears from out of thin air!
The bolt of negative energy hits you!!!
You feel drained.
You die...

....#..)..#.... ..
. ..#_.<)_# . # .
.#.))){#. ..#.
)..)._{.)...
....)....)###)....)
....)###.....))###)
..o....#2)...{)#
..oo..o#)....Lo#
.LoO..O)@.....D)
.#ooO...........
#z.OOo..........
.#...o..........
#..O..#........#
.........{.....#
Lo...##.#.......
..... ..........


You could see a meat beast (fast), 2 tyrants, an eight-headed meat hydra
(wandering), a sculptor of flesh, 4 large bags of meat, 2 meat berserkers and 11
bags of meat.

Vanquished Creatures
  5 hell beasts (D)
  5 royal mummies (D)
  4 wraiths (D)
  8 vampire knights (D)
  35 ogres (D)
  5 liches (D)
  5 hydras (D)
  7 two-headed ogres (D)
  49 orcs (D)
  10 skeletal warriors (D)
133 creatures vanquished.

Notes
Turn   | Place    | Note
-------+----------+-------------------------------------------
     0 | D        | Found the +∞ Axe of Woe
     0 | D        | sahdkjhfkaj the Djinni Warper began the quest for the Orb.
     0 | D        | Reached XP level 1. HP: 18/18 MP: 0/0
     1 | D        | Noticed a bag of meat
     3 | D        | Became a worshipper of Makhleb the Destroyer
     3 | D        | Noticed a meat berserker
     3 | D        | Noticed a bag of meat
     4 | D        | Noticed a bag of meat
     4 | D        | Noticed a bag of meat
     4 | D        | Noticed a bag of meat
     5 | D        | Noticed a bag of meat
     5 | D        | Noticed a bag of meat
     6 | D        | Killed a meat berserker
     7 | D        | Reached XP level 2. HP: 23/23 MP: 0/0
     7 | D        | Reached XP level 3. HP: 28/28 MP: 0/0
     7 | D        | Learned a level 1 spell: Freeze
     7 | D        | Reached XP level 4. HP: 33/33 MP: 0/0
     7 | D        | Reached XP level 5. HP: 38/38 MP: 0/0
     7 | D        | Learned a level 2 spell: Wereblood
     7 | D        | Reached XP level 6. HP: 43/43 MP: 0/0
     7 | D        | Reached XP level 7. HP: 49/49 MP: 0/0
     7 | D        | Learned a level 2 spell: Call Imp
     7 | D        | Reached XP level 8. HP: 54/54 MP: 0/0
     7 | D        | Reached XP level 9. HP: 58/58 MP: 0/0
     7 | D        | Learned a level 4 spell: Fulminant Prism
     7 | D        | Reached XP level 10. HP: 64/64 MP: 0/0
     7 | D        | Reached XP level 11. HP: 68/68 MP: 0/0
     7 | D        | Learned a level 4 spell: Olgreb's Toxic Radiance
     7 | D        | Reached XP level 12. HP: 74/74 MP: 0/0
     7 | D        | Reached XP level 13. HP: 78/78 MP: 0/0
     7 | D        | Learned a level 5 spell: Borgnjor's Vile Clutch
     7 | D        | Noticed a meat berserker
     9 | D        | Killed a bag of meat
     9 | D        | Reached * piety under Makhleb
     9 | D        | Killed a bag of meat
    10 | D        | Reached XP level 14. HP: 110/110 MP: 0/0
    10 | D        | Killed a bag of meat
    11 | D        | Reached skill level 15 in Fighting
    11 | D        | Reached skill level 27 in Axes
    11 | D        | Reached XP level 15. HP: 121/121 MP: 0/0
    11 | D        | Learned a level 6 spell: Statue Form
    11 | D        | Reached ** piety under Makhleb
    12 | D        | Reached XP level 16. HP: 138/138 MP: 0/0
    13 | D        | Noticed a meat berserker
    14 | D        | Killed a meat berserker
    14 | D        | Reached *** piety under Makhleb
    14 | D        | Noticed a meat berserker
    15 | D        | Reached XP level 17. HP: 157/157 MP: 0/0
    15 | D        | Learned a level 6 spell: Hydra Form
    17 | D        | Reached skill level 27 in Fighting
    17 | D        | Reached **** piety under Makhleb
    17 | D        | Killed a meat berserker
    17 | D        | Killed a meat berserker
    17 | D        | Reached ***** piety under Makhleb
    18 | D        | Reached skill level 27 in Spellcasting
    18 | D        | Reached XP level 18. HP: 167/167 MP: 0/0
    18 | D        | Reached XP level 19. HP: 174/174 MP: 0/0
    18 | D        | Learned a level 7 spell: Monstrous Menagerie
    20 | D        | Noticed a large bag of meat
    20 | D        | Noticed a destroyer
    20 | D        | Killed a destroyer
    20 | D        | Killed a large bag of meat
    20 | D        | Noticed a meat berserker
    21 | D        | Reached skill level 10 in Maces & Flails
    21 | D        | Reached skill level 10 in Polearms
    21 | D        | Reached skill level 10 in Slings
    21 | D        | Reached skill level 10 in Bows
    21 | D        | Reached skill level 10 in Crossbows
    21 | D        | Reached skill level 10 in Throwing
    21 | D        | Reached XP level 20. HP: 181/181 MP: 0/0
    21 | D        | Killed a meat berserker
    21 | D        | Noticed a meat berserker
    22 | D        | Reached XP level 21. HP: 187/187 MP: 0/0
    22 | D        | Learned a level 7 spell: Dragon Form
    22 | D        | Killed a meat berserker
    23 | D        | Reached skill level 15 in Dodging
    28 | D        | Noticed a meat berserker
    29 | D        | Killed a meat berserker
    29 | D        | Reached ****** piety under Makhleb
    34 | D        | Reached skill level 15 in Armour
    34 | D        | Reached skill level 15 in Shields
    34 | D        | Reached skill level 15 in Unarmed Combat
    34 | D        | Reached skill level 15 in Invocations
    34 | D        | Reached skill level 15 in Evocations
    34 | D        | Noticed a meat berserker
    35 | D        | Killed a meat berserker
    36 | D        | Reached XP level 22. HP: 194/194 MP: 0/0
    41 | D        | Reached skill level 15 in Short Blades
    41 | D        | Reached skill level 15 in Long Blades
    41 | D        | Reached skill level 15 in Staves
    41 | D        | Reached skill level 15 in Stealth
    43 | D        | Reached skill level 15 in Maces & Flails
    43 | D        | Reached skill level 15 in Polearms
    43 | D        | Reached skill level 15 in Slings
    43 | D        | Reached skill level 15 in Bows
    43 | D        | Reached skill level 15 in Crossbows
    43 | D        | Reached skill level 15 in Throwing
    43 | D        | Reached XP level 23. HP: 201/201 MP: 0/0
    43 | D        | Learned a level 8 spell: Discord
    43 | D        | Noticed a large bag of meat
    44 | D        | Killed a large bag of meat
    46 | D        | Noticed a large bag of meat
    47 | D        | Reached XP level 24. HP: 208/208 MP: 0/0
    47 | D        | Noticed a tyrant
    49 | D        | Noticed an accursed
    50 | D        | Noticed a large bag of meat
    51 | D        | Killed a large bag of meat
    51 | D        | Killed a large bag of meat
    52 | D        | Reached XP level 25. HP: 214/214 MP: 0/0
    52 | D        | Learned a level 9 spell: Fire Storm
    53 | D        | Reached XP level 26. HP: 221/221 MP: 0/0
    53 | D        | Noticed an accursed
    53 | D        | Killed an accursed
    54 | D        | Reached XP level 27. HP: 228/228 MP: 0/0
    54 | D        | Learned a level 9 spell: Dragon's Call
    58 | D        | Killed an accursed
    59 | D        | Reached skill level 27 in Dodging
    59 | D        | Noticed a dread
    59 | D        | Killed a dread
    59 | D        | Noticed a large bag of meat
    60 | D        | Killed a large bag of meat
    61 | D        | Reached skill level 27 in Armour
    61 | D        | Reached skill level 27 in Shields
    61 | D        | Reached skill level 27 in Unarmed Combat
    61 | D        | Reached skill level 27 in Invocations
    61 | D        | Reached skill level 27 in Evocations
    61 | D        | Noticed a dread
    61 | D        | Killed a dread
    61 | D        | Noticed an accursed
    61 | D        | Noticed a tyrant
    62 | D        | Reached skill level 27 in Short Blades
    62 | D        | Reached skill level 27 in Long Blades
    62 | D        | Reached skill level 27 in Staves
    62 | D        | Reached skill level 27 in Stealth
    62 | D        | Killed a tyrant
    63 | D        | Reached skill level 27 in Maces & Flails
    63 | D        | Reached skill level 27 in Polearms
    63 | D        | Reached skill level 27 in Slings
    63 | D        | Reached skill level 27 in Bows
    63 | D        | Reached skill level 27 in Crossbows
    63 | D        | Reached skill level 27 in Throwing
    63 | D        | Killed an accursed
    66 | D        | Noticed a large bag of meat
    67 | D        | Killed a large bag of meat
    67 | D        | Noticed a destroyer
    67 | D        | Noticed a large bag of meat
    68 | D        | Killed a destroyer
    69 | D        | Killed a large bag of meat
    69 | D        | Noticed a meat beast
    70 | D        | Killed a meat beast
    70 | D        | Killed a tyrant
    70 | D        | Noticed a destroyer
    71 | D        | Killed a destroyer
    72 | D        | Noticed an accursed
    72 | D        | Noticed a tyrant
    72 | D        | Noticed a dread
    72 | D        | Noticed a destroyer
    73 | D        | Killed an accursed
    73 | D        | Killed a dread
    73 | D        | Killed a destroyer
    74 | D        | Noticed an accursed
    75 | D        | Killed an accursed
    75 | D        | Noticed a meat beast
    75 | D        | Noticed a meat beast
    76 | D        | Killed a meat beast
    76 | D        | Killed a meat beast
    76 | D        | Noticed a tyrant
    76 | D        | Noticed a destroyer
    77 | D        | Killed a destroyer
    77 | D        | Killed a tyrant
    77 | D        | Killed a tyrant
    77 | D        | Noticed a meat beast
    77 | D        | Noticed a tyrant
    78 | D        | Killed a tyrant
    78 | D        | Killed a meat beast
    79 | D        | Noticed a destroyer
    80 | D        | Noticed a destroyer
    80 | D        | Killed a destroyer
    80 | D        | Killed a destroyer
    83 | D        | Noticed a destroyer
    83 | D        | Killed a destroyer
    83 | D        | Noticed a meat beast
    83 | D        | Noticed a dread
    83 | D        | Noticed a meat beast
    84 | D        | Killed a dread
    84 | D        | Killed a meat beast
    85 | D        | Noticed a destroyer
    85 | D        | Noticed a tyrant
    85 | D        | HP: 1/191 [something/bolt of negative energy (81)]
    86 | D        | Noticed a large bag of meat
    86 | D        | Noticed a large bag of meat
    86 | D        | Noticed a large bag of meat
    86 | D        | Noticed a large bag of meat
    86 | D        | Noticed a meat beast
    87 | D        | Noticed an accursed
    87 | D        | Noticed a tyrant
    87 | D        | Noticed a tyrant
    88 | D        | Killed from afar by a wretched soul

Illustrated notes

Levels and vault maps discovered:
D:        meatsprint

Skill      XL: |  1  2  3  4  5  6  7  8  9 10 11 12 13 14 15 16 17 18 19 20 21 22 23 24 25 26 27 |
---------------+----------------------------------------------------------------------------------+-----
Axes           | 25 26 27 | 27.0
Fighting       | 13 15 20 26 27 | 27.0
Spellcasting   | 11 13 17 22 27 | 27.0
Short Blades   | 7 11 12 14 16 18 20 21 22 27 | 27.0
Long Blades    | 7 11 12 14 16 18 20 21 22 27 | 27.0
Maces & Flails | 6 10 11 13 15 16 19 20 27 | 27.0
Polearms       | 6 10 11 13 15 16 18 19 20 27 | 27.0
Staves         | 7 11 12 14 16 18 20 21 22 27 | 27.0
Slings         | 6 10 11 13 15 16 18 19 20 27 | 27.0
Bows           | 6 10 11 13 15 16 18 19 20 27 | 27.0
Crossbows      | 6 10 11 13 15 16 18 19 20 27 | 27.0
Throwing       | 6 10 11 13 15 16 18 19 20 27 | 27.0
Armour         | 8 12 13 15 17 19 21 22 23 27 | 27.0
Dodging        | 9 13 14 17 19 20 23 24 25 27 | 27.0
Stealth        | 7 11 12 14 16 18 20 21 22 27 | 27.0
Shields        | 7 12 13 15 17 19 21 22 23 27 | 27.0
Unarmed Combat | 7 12 13 15 17 19 21 22 23 27 | 27.0
Invocations    | 7 12 13 15 17 19 21 22 23 27 | 27.0
Evocations     | 7 12 13 15 17 19 21 22 23 27 | 27.0

Action                   |  1- 3 |  4- 6 |  7- 9 | 10-12 | 13-15 | 16-18 | 19-21 | 22-24 | 25-27 || total
-------------------------+-------+-------+-------+-------+-------+-------+-------+-------+-------++-------
Melee: Executioner's axe |     1 |       |       |       |     3 |     7 |     9 |    17 |    93 ||   130
 Cast: Manifold Assault  |       |       |       |       |       |     1 |     6 |     8 |    30 ||    45
  Use: Scroll            |       |       |       |       |       |       |       |       |     1 ||     1
       Potion            |       |       |       |       |       |       |       |       |     1 ||     1
Dodge: Dodged            |       |       |       |       |       |       |       |       |     2 ||     2

Table legend: (Time is in decaauts)
 A = Elapsed time spent in this place.
 B = Non-inter-level travel time spent in this place.
 C = Inter-level travel time spent in this place.
 D = Time resting spent in this place.
 E = Time spent auto-exploring this place.
 F = Levels seen in this place.
 G = Mean time per level.
                   A        B        C        D        E       F      G
               +--------+--------+--------+--------+--------+-----+--------+
         Total |     84 |     84 |      0 |      0 |      0 |   1 |   84.0 |
       Dungeon |     84 |     84 |      0 |      0 |      0 |   1 |   84.0 |
               +--------+--------+--------+--------+--------+-----+--------+

Top non-repeatable levels by time:
       D: 84 daAuts
